 Dungeon Crawl Stone Soup version 0.27-a0-223-ge082b6e869 (webtiles) character file.

Game seed: 2356572569948044695

18270 kae the Grappler (level 12, -3/97 HPs)
             Began as a Demonspawn Fighter on Feb 1, 2021.
             Was a High Priest of Wu Jian.
             Killed from afar by an ice statue (6 damage)
             ... with a bolt of cold
             ... in an ice cave.
             The game lasted 00:07:51 (10453 turns).

kae the Grappler (Demonspawn Fighter)              Turns: 10453, Time: 00:07:52

Health: -3/97      AC:  9    Str: 22    XL:     12   Next: 26%
Magic:  21/21      EV: 20    Int: 14    God:    Wu Jian [*****.]
Gold:   573        SH:  0    Dex: 14    Spells: 11/11 levels left

rFire    + . .     SeeInvis .     - Unarmed
rCold    + . .     Faith    .   (no shield)
rNeg     . . .     Spirit   .   a - +1 scale mail
rPois    .         Reflect  .   (helmet unavailable)
rElec    .         Harm     +   y - scarf {harm}
rCorr    .         Rampage  .   (no gloves)
Will     +....                  (no boots)
Stlth    ..........             p - amulet of regeneration
HPRegen  0.66/turn              v - ring of magical power
MPRegen  0.17/turn              z - ring of willpower

@: agile, hasted, very quick
A: horns 3, talons 1, cold resistance 1, fire resistance 1, powered by pain 1,
spiny 2, strong 1, no potion heal 1, big brain 2
a: Renounce Religion, Wall Jump, Serpent's Lash, Heavenly Storm


You were in an ice cave.
You worshipped Wu Jian.
Wu Jian was extremely pleased with you.
You visited 3 branches of the dungeon, and saw 14 of its levels.
You also visited: Ice Cave.

You collected 651 gold pieces.
You spent 78 gold pieces at shops.

Inventory:

Armour
 a - a +1 scale mail (worn)
 b - a +0 kite shield
 y - a scarf of harm (worn)
Jewellery
 f - an uncursed amulet of faith
 l - an uncursed amulet of guardian spirit
 p - an amulet of regeneration (around neck)
 v - a ring of magical power (left hand)
 z - a ring of willpower (right hand)
Wands
 u - a wand of flame (23)
 A - a wand of polymorph (5)
 B - a wand of random effects (16)
Scrolls
 e - a scroll of amnesia
 g - a scroll of fog
 h - 7 scrolls of remove curse
 i - 6 scrolls of enchant weapon
 s - a scroll of teleportation
 t - 2 scrolls of enchant armour
 w - a scroll of blinking {unknown}
 C - a scroll of holy word {unknown}
Potions
 c - 2 potions of ambrosia
 d - 3 potions of magic
 j - 2 potions of might
 k - 3 potions of flight
 m - 3 potions of cancellation
 n - 4 potions of haste
 o - a potion of curing
 q - 3 potions of brilliance
 r - 4 potions of lignification
 x - 2 potions of attraction


   Skills:
 + Level 9.7 Fighting
 + Level 8.8 Armour
 - Level 8.0 Dodging
 - Level 2.6 Shields
 * Level 11.7 Unarmed Combat
 + Level 3.3 Evocations


You had 11 spell levels left.
You didn't know any spells.
Your spell library contained the following spells:

 Spells                   Type           Power        Failure   Level
 Animate Skeleton         Necr           0%           54%         1
 Apportation              Tloc           0%           54%         1
 Beastly Appendage        Tmut           0%           54%         1
 Corona                   Hex            0%           54%         1
 Foxfire                  Conj/Fire      0%           54%         1
 Summon Small Mammal      Summ           0%           54%         1
 Wereblood                Tmut           0%           69%         2
 Conjure Flame            Conj/Fire      0%           89%         3
 Inner Flame              Hex/Fire       0%           89%         3
 Spider Form              Tmut/Pois      0%           89%         3
 Ice Form                 Ice/Tmut       0%           100%        4
 Sticky Flame             Conj/Fire      0%           100%        4
 Blade Hands              Tmut           0%           100%        5
 Fireball                 Conj/Fire      0%           100%        5


Dungeon Overview and Level Annotations

Branches:
Dungeon (11/15)            Temple (1/1) D:4            Lair (2/6) D:8
 Spider (0/4) Lair:2        IceCv (1/1)
  Swamp: Lair:2-4    Shoals: Lair:2-4       Orc: D:9-12

Altars:
Ashenzari
Cheibriados
Dithmenos
Elyvilon
Fedhas
Gozag
Hepliaklqana
Kikubaaqudgha
Makhleb
Nemelex Xobeh
Okawaru
Qazlal
Ru
Sif Muna
Trog
Uskayaw
Vehumet
Wu Jian
Xom
Yredelemnul
Zin
The Shining One

Shops:
D:4 [   D:7 *

Annotations:
D:6 2 transporters, bmj180's ghost, amateur DrCj IceCv 1 transporter, exclusion: 2 ice statues


Innate Abilities, Weirdness & Mutations

You have a pair of large horns on your head.
You sometimes gain a little power by taking damage.
You are mostly covered in sharp spines.
You have an extremely huge brain. (Int +4)
You have sharp toenails.
Your flesh is cold resistant. (rC+)
Your flesh is heat resistant. (rF+)
Your muscles are strong. (Str +2)
Potions are less effective at restoring your health.


Message History

You claw the ice statue, but do no damage.
You headbutt the ice statue, but do no damage.
The ice statue is moderately damaged.
The ice statue gestures at you.
The bolt of cold hits the ice statue.
The ice statue completely resists.
The bolt of cold hits you! You resist.
* * * LOW HITPOINT WARNING * * *
The ice statue glitters chillingly in the dim dungeon light.
You hit the ice statue but do no damage.
You claw the ice statue, but do no damage.
You headbutt the ice statue, but do no damage.
You punch the ice statue!
The ice statue is moderately damaged.
You punch the ice statue!
You claw the ice statue, but do no damage.
The ice statue is heavily damaged.
The ice statue gestures at you.
The bolt of cold hits the ice statue.
The ice statue completely resists.
The bolt of cold hits you. You resist.
You die...

##........
##..........#
##...........#
#.......8Y.8.#
#.........!.!#
#.∩.©....)."©#
#.........?./#
#.......8..8.#
##......@°...#
##....°.....#
##........##
####...###
#####


You could see 2 ice statues and an ice beast (summoned).

Vanquished Creatures
  3 hydras
  2 two-headed ogres
  A flayed ghost (D:10)
  An unseen horror (D:11)
  3 ugly things
  A centaur zombie (D:10)
  A black mamba (Lair:1)
  3 cane toads
  A kobold demonologist (D:11)
  3 komodo dragons
  2 ice devils (Lair:2)
  2 trolls
  A polar bear (Lair:1)
  A hornet (D:11)
  Sigmund (D:2)
  A wyvern (D:11)
  10 yaks
  A basilisk (Lair:1)
  4 vampire mosquitoes (D:11)
  4 water moccasins
  An acid dragon (D:11)
  A sky beast (D:8)
  2 black bears
  8 ice beasts
  10 ogres
  An eye of draining (D:9)
  8 centaurs
  4 big kobolds
  11 bullfrogs
  A wyvern zombie (D:10)
  A water moccasin zombie (D:5)
  8 scorpions
  13 wights
  5 electric eels
  5 howler monkeys
  A quasit (D:10)
  3 jellies
  8 hounds
  An orc priest (D:7)
  A bullfrog skeleton (D:11)
  2 centaur skeletons
  Crazy Yiuf (D:6)
  2 iguanas (D:6)
  5 orc wizards
  3 worker ants
  3 hound zombies
  2 hound skeletons
  11 adders
  A worker ant zombie (D:7)
  3 shadow imps
  4 white imps
  2 ufetubi
  3 adder skeletons
  4 worms
  A dart slug (D:2)
  7 leopard geckos
  24 orcs
  6 giant cockroaches
  2 gnoll zombies (D:2)
  10 goblins
  6 hobgoblins
  2 jackals (D:4)
  21 kobolds
  7 quokkas
  7 bats
  7 frilled lizards
  A leopard gecko skeleton (D:5)
  A quokka zombie (D:7)
  6 rats
293 creatures vanquished.

Vanquished Creatures (others)
  5 fungi
  47 plants
52 creatures vanquished.

Grand Total: 345 creatures vanquished

Notes
Turn   | Place    | Note
-------+----------+-------------------------------------------
     0 | D:1      | kae the Demonspawn Fighter began the quest for the Orb.
     0 | D:1      | Reached XP level 1. HP: 18/18 MP: 1/1
   319 | D:1      | Reached skill level 2 in Unarmed Combat
   711 | D:1      | Gained mutation: You are partially covered in sharp spines.
                  | [demonic ancestry]
   711 | D:1      | Reached XP level 2. HP: 21/24 MP: 2/2
   881 | D:2      | Found an opulent altar of Gozag.
   921 | D:2      | Gained mutation: You have a pair of small horns on your
                  | head. [demonic ancestry]
   921 | D:2      | Reached XP level 3. HP: 24/29 MP: 3/3
   982 | D:2      | Noticed Sigmund
   992 | D:2      | Killed Sigmund
   993 | D:2      | Reached skill level 1 in Dodging
   993 | D:2      | Reached skill level 3 in Unarmed Combat
   993 | D:2      | Reached XP level 4. HP: 23/37 MP: 4/4
   993 | D:2      | Gained mutation: You have a pair of horns on your head.
                  | [demonic ancestry]
   993 | D:2      | Reached XP level 5. HP: 26/42 MP: 5/5
  1651 | D:2      | Found a basalt altar of Yredelemnul.
  1698 | D:3      | Found a faded altar of an unknown god.
  2030 | D:3      | Found a shimmering blue altar of Sif Muna.
  2317 | D:4      | Reached XP level 6. HP: 37/48 MP: 6/6
  2443 | D:4      | Found a sparkling altar of Nemelex Xobeh.
  2459 | D:4      | Reached skill level 4 in Unarmed Combat
  2622 | D:4      | Found Uteoneenn's Antique Armour Boutique.
  2649 | D:4      | Found a staircase to the Ecumenical Temple.
  2683 | Temple   | Entered the Ecumenical Temple
  2856 | Temple   | Became a worshipper of the Wu Jian Council
  3107 | D:5      | Entered Level 5 of the Dungeon
  3197 | D:5      | Gained mutation: You have a pair of large horns on your
                  | head. [demonic ancestry]
  3197 | D:5      | Reached XP level 7. HP: 53/55 MP: 7/7
  3354 | D:5      | Reached skill level 5 in Unarmed Combat
  3425 | D:5      | Found a broken altar of Ashenzari.
  3863 | D:6      | Reached skill level 5 in Fighting
  3884 | D:6      | Reached * piety under Wu Jian
  3891 | D:6      | Reached XP level 8. HP: 62/62 MP: 8/8
  4042 | D:6      | Identified the +5 trident of Makhleb's Reproof {pain,
                  | Dex+5}
  4042 | D:6      | Identified the cursed +0 buckler of the Spider Nest {rPois
                  | rF+ Str-2}
  4058 | D:6      | Found a transporter.
  4064 | D:6      | Found a transporter.
  4067 | D:6      | Noticed bmj180's ghost (amateur DrCj)
  4205 | D:6      | Found a hazy altar of Hepliaklqana.
  4206 | D:6      | Found a hide-covered altar of Uskayaw.
  4309 | D:6      | Found a runed translucent door.
  4310 | D:6      | Noticed Crazy Yiuf
  4315 | D:6      | Killed Crazy Yiuf
  4397 | D:7      | Reached skill level 6 in Unarmed Combat
  4419 | D:7      | Reached skill level 5 in Armour
  4628 | D:7      | Found Ezanloudd's General Store.
  4635 | D:7      | Bought a scroll of teleportation for 36 gold pieces
  4635 | D:7      | Bought a scroll of magic mapping for 42 gold pieces
  4743 | D:7      | Found a stormy altar of Qazlal.
  5055 | D:7      | Reached skill level 7 in Unarmed Combat
  5055 | D:7      | Gained mutation: You sometimes gain a little power by
                  | taking damage. [demonic ancestry]
  5055 | D:7      | Reached XP level 9. HP: 62/64 MP: 9/9
  5206 | D:8      | Reached ** piety under Wu Jian
  5218 | D:8      | Gained mutation: Your system is resistant to poisons.
                  | (rPois) [potion of mutation]
  5218 | D:8      | Gained mutation: Potions are less effective at restoring
                  | your health. [potion of mutation]
  5218 | D:8      | Gained mutation: You are weak. (Str -2) [potion of
                  | mutation]
  5218 | D:8      | Gained mutation: You have large cloven feet. [potion of
                  | mutation]
  5219 | D:8      | Lost mutation: You have large cloven feet. [potion of
                  | mutation]
  5219 | D:8      | Gained mutation: You are occasionally teleported next to
                  | monsters. [potion of mutation]
  5219 | D:8      | Gained mutation: You occasionally shout uncontrollably at
                  | your foes. [potion of mutation]
  5219 | D:8      | Gained mutation: You have sharp toenails. [potion of
                  | mutation]
  5220 | D:8      | Lost mutation: You occasionally shout uncontrollably at
                  | your foes. [potion of mutation]
  5220 | D:8      | Lost mutation: Your system is resistant to poisons. (rPois)
                  | [potion of mutation]
  5220 | D:8      | Lost mutation: You are occasionally teleported next to
                  | monsters. [potion of mutation]
  5220 | D:8      | Lost mutation: You are weak. (Str -2) [potion of mutation]
  5220 | D:8      | Gained mutation: Your muscles are strong. (Str +2) [potion
                  | of mutation]
  5220 | D:8      | Gained mutation: Your flesh is heat resistant. (rF+)
                  | [potion of mutation]
  5220 | D:8      | Gained mutation: Your flesh is cold resistant. (rC+)
                  | [potion of mutation]
  5244 | D:8      | Noticed a komodo dragon
  5254 | D:8      | Killed a komodo dragon
  5259 | D:8      | Reached skill level 5 in Dodging
  5561 | D:8      | Found a staircase to the Lair.
  5693 | D:8      | Reached skill level 8 in Unarmed Combat
  5731 | D:8      | Found a burning altar of Makhleb.
  6096 | D:9      | Gained mutation: You have an unusually large brain. (Int
                  | +2) [demonic ancestry]
  6096 | D:9      | Reached XP level 10. HP: 79/79 MP: 10/10
  6245 | D:9      | Reached *** piety under Wu Jian
  6272 | D:9      | Noticed a two-headed ogre
  6279 | D:9      | Killed a two-headed ogre
  6280 | D:9      | Reached skill level 9 in Unarmed Combat
  7310 | D:10     | Entered Level 10 of the Dungeon
  7674 | D:10     | Noticed a flayed ghost
  7821 | D:10     | Killed a flayed ghost
  8218 | D:11     | Noticed a green ugly thing
  8225 | D:11     | Reached skill level 10 in Unarmed Combat
  8368 | D:11     | Gained mutation: You are mostly covered in sharp spines.
                  | [demonic ancestry]
  8368 | D:11     | Reached XP level 11. HP: 63/86 MP: 11/11
  8369 | D:11     | Reached **** piety under Wu Jian
  8408 | D:11     | Noticed a seven-headed hydra
  8415 | D:11     | Killed a seven-headed hydra
  8562 | D:11     | Noticed a two-headed ogre
  8569 | D:11     | Killed a two-headed ogre
  8575 | D:11     | Killed a green ugly thing
  8613 | D:11     | Noticed a sixfirhy
  8765 | D:11     | Found the +7 Singing Sword {vorpal, sonic wave}
  8813 | D:11     | Killed an unseen horror
  9006 | D:11     | Reached skill level 11 in Unarmed Combat
  9371 | Lair:1   | Entered Level 1 of the Lair of Beasts
  9492 | Lair:1   | Reached skill level 1 in Evocations
 10095 | Lair:2   | Noticed a five-headed hydra
 10101 | Lair:2   | Killed a five-headed hydra
 10180 | Lair:2   | Gained mutation: You have an extremely huge brain. (Int +4)
                  | [demonic ancestry]
 10180 | Lair:2   | Reached XP level 12. HP: 96/96 MP: 12/12
 10181 | Lair:2   | Noticed a five-headed hydra
 10185 | Lair:2   | Killed a five-headed hydra
 10203 | Lair:2   | Reached ***** piety under Wu Jian
 10250 | Lair:2   | Found a frozen archway.
 10271 | IceCv    | Entered an ice cave
 10414 | IceCv    | Found a transporter.
 10436 | IceCv    | Found a transporter.
 10451 | IceCv    | HP: 3/97 [ice statue/bolt of cold (20)]
 10453 | IceCv    | Killed from afar by an ice statue

Illustrated notes

Levels and vault maps discovered:
D:1:      lightli_arrival_chessboard, layout_basic, nrook_mini_vaults,
          minmay_misc_feat_iff, corner_web_ring, chequers_serial_rivers_small_a
D:2:      layout_basic, nicolae_overflow_crystal_walls,
          lemuel_zombie_altar_yredelemnul,
          wander_ebering_terrifying_dragon_lair, uniq_sigmund
D:3:      layout_loops_ring, lemuel_crystal_altar,
          chequers_ecumenical_altar_simple_redux
D:4:      layout_cave_pools, nemelex_xobeh_ov_fountains_minmay,
          minmay_temple_entry_statues, serial_shops, shop
D:5:      minmay_spotlight, layout_rooms, overflow_temple_1_default,
          minmay_misc_feat_square
D:6:      layout_rooms, gammafunk_temple_overflow_statue,
          gammafunk_ghost_gnarly_gnolls, uniq_crazy_yiuf_cottage
D:7:      layout_gridville, nicolae_qazlal_general_emergency, serial_shops, shop
D:8:      layout_loops_ring, makhleb_heckhound_becter, david_lair_shrubbed
D:9:      layout_layer_cave
D:10:     layout_roguey, kennysheep_island_fort
D:11:     old_forge, layout_cave_pools
Temple:   cyrus_circular_temple
Lair:1:   layout_misc_corridors, serial_bayou_lake_a
Lair:2:   layout_cave_pods, spider_nest_entry_a, portal_ice_cave_demonic_guard,
          gammafunk_ghost_arena, minmay_lair_oklob_chamber
IceCv:    ice_cave_statue_garden_transporter

Skill      XL: |  1  2  3  4  5  6  7  8  9 10 11 12 |
---------------+-------------------------------------+-----
Unarmed Combat | 2 3 4 5 7 8 10 11 | 11.7
Armour         | 3 4 5 6 7 8 |  8.8
Dodging        | 1 2 3 4 5 6 8 |  8.0
Fighting       | 4 5 6 7 8 9 |  9.7
Evocations     | 2 3 |  3.3
Shields        | |  2.6

Action                   |  1- 3 |  4- 6 |  7- 9 | 10-12 || total
-------------------------+-------+-------+-------+-------++-------
Melee: Unarmed           |    91 |   103 |   247 |   321 ||   762
       Punch             |     1 |       |    10 |    12 ||    23
       Headbutt          |     2 |    24 |    43 |    50 ||   119
       Kick              |       |       |    16 |   117 ||   133
Invok: Lunge             |       |     2 |    28 |    26 ||    56
       Whirlwind         |       |       |     3 |     5 ||     8
 Abil: Wall Jump         |       |       |       |     1 ||     1
Evoke: Wand              |       |       |       |     1 ||     1
  Use: Potion            |     1 |       |     3 |     3 ||     7
       Scroll            |       |     8 |     7 |     8 ||    23
Armor: Scale mail        |    40 |    17 |    50 |    69 ||   176
       Skin              |       |       |       |    22 ||    22
Dodge: Dodged            |    32 |    42 |    91 |   159 ||   324
Block: Kite shield       |     1 |       |       |       ||     1

Table legend: (Time is in decaauts)
 A = Elapsed time spent in this place.
 B = Non-inter-level travel time spent in this place.
 C = Inter-level travel time spent in this place.
 D = Time resting spent in this place.
 E = Time spent auto-exploring this place.
 F = Levels seen in this place.
 G = Mean time per level.
                   A        B        C        D        E       F      G
               +--------+--------+--------+--------+--------+-----+--------+
         Total |  10407 |   9921 |    486 |   1076 |   7328 |  15 |  693.8 |
       Dungeon |   9125 |   8704 |    421 |    759 |   6609 |  11 |  829.5 |
        Temple |    186 |    174 |     12 |    125 |     43 |   1 |  186.0 |
          Lair |    922 |    869 |     53 |     72 |    662 |   2 |  461.0 |
      Ice Cave |    173 |    173 |      0 |    120 |     14 |   1 |  173.0 |
               +--------+--------+--------+--------+--------+-----+--------+

Top non-repeatable levels by time:
     D:9: 1226 daAuts
    D:10: 1073 daAuts
     D:2: 927 daAuts
    D:11: 906 daAuts
     D:8: 859 daAuts
     D:7: 832 daAuts
     D:1: 764 daAuts
  Lair:1: 750 daAuts
     D:6: 718 daAuts
     D:4: 619 daAuts
     D:3: 603 daAuts
     D:5: 593 daAuts
  Temple: 186 daAuts
   IceCv: 173 daAuts
  Lair:2: 171 daAuts
